AoeStats
← KangourouGarou

Migration

509606705Analyzed
1v1 RM · 3d ago on Sep 27, 2026· 34m 29s· 2 players
Game mode
Random Map
Map size
132×132
Population
200
Speed
Normal
Resources
Standard
Victory
Conquest
Starting age
Dark Age
Ending age
Imperial Age
RankedLock teamsTeams togetherTeam positionsShared explorationLock speedFull tech treeHidden civsTurbo modeCheats
Victory
Defeat
🇫🇷 Varangians · France
683
+29
🇫🇷 Vikings · France
668
-15
phiphi73000
11:03 Feudal Age
18:27 Castle Age
17:39 Fishing Lines
20:35 Gillnets
27:00 Town Watch
28:18 Squires
28:04 Arson
28:23 Town Patrol
30:28 Light Cavalry
35:20 Imperial Age
KangourouGarou
10:10 Feudal Age
10:41 Double-Bit Axe
11:02 Fishing Lines
13:49 Wheelbarrow
17:25 Loom
17:30 Town Watch
20:14 Castle Age
18:17 Stone Mining
19:33 Gold Mining
20:36 Fletching
21:17 Gillnets
22:37 Hand Cart
22:42 Bow Saw
22:49 Bodkin Arrow
23:56 Stone Shaft Mining
28:49 Imperial Age
27:08 Careening
27:55 Ballistics
30:31 Chemistry
31:32 Two-Man Saw
30:54 Horse Collar
31:50 Bracer
31:50 Elite Longship
34:18 Dry Dock
34:13 Clinker Construction
34:13 Heavy Plow
Connection lost

Rejoining the realm…

Still unreachable

The connection could not be restored.

Session expired

The server has moved on; the page needs a fresh start.